 Dungeon Crawl Stone Soup version 0.32-a0-472-gc2b5402 (webtiles) character file.

Game seed: 2061898095301023100

150 Remcycle the Chopper (level 5, 0/38 HPs)
             Began as a Coglin Gladiator on Feb 25, 2024.
             Slain by a kobold brigand
             ... wielding a +0 dagger
              (3 damage)
             ... in a sewer.
             The game lasted 00:08:26 (1927 turns).

Remcycle the Chopper (Coglin Gladiator)             Turns: 1927, Time: 00:08:26

Health: 0/38       AC:  6    Str: 16    XL:     5   Next: 32%
Magic:  5/5        EV: 12    Int:  8    God:
Gold:   250        SH:  0    Dex: 15    Spells: 4/4 levels left

rFire   . . .        a - +1 war axe {Zihan}
rCold   . . .        (no shield)
rNeg    . . .        b - +0 leather armour
rPois   .            c - +1 helmet
rElec   .            m - +0 cloak
rCorr   .            (no gloves)
SInv    .            (no boots)
Will    .....        (no amulet)
Stlth   +            (ring unavailable)
HPRegen 0.26/turn    (ring unavailable)
MPRegen 0.09/turn

%: no passive effects
@: slowed, revved, very slow
A: off-hand wielding, slow wielding, warmup strikes, no rings
a: no special abilities


You were in a sewer.
You visited 1 branch of the dungeon, and saw 5 of its levels.
You also visited: Sewer.

You collected 250 gold pieces.

Inventory:

Hand Weapons
 a - a +1 war axe (weapon) {Zihan}
Missiles
 d - 3 throwing nets (quivered)
 e - a javelin
Armour
 b - a +0 leather armour (worn)
 c - a +1 helmet (worn)
 m - a +0 cloak (worn)
Wands
 v - a wand of digging (6)
Scrolls
 f - a scroll of torment
 g - a scroll of silence {unknown}
 j - a scroll of amnesia
 k - a scroll of identify
 o - a scroll of enchant armour
 p - a scroll of teleportation
 s - a scroll of enchant weapon
 u - 2 scrolls of blinking
Potions
 h - 2 potions of degeneration
 i - a potion of berserk rage {unknown}
 n - 2 potions of brilliance {unknown}
 q - 3 potions of might {unknown}
 t - a potion of haste {unknown}
 w - 2 potions of ambrosia {unknown}
 x - 2 potions of curing {unknown}
 z - a potion of enlightenment {unknown}
 A - a potion of attraction {unknown}


   Skills:
 - Level 2.0 Fighting
 + Level 5.5 Axes
 - Level 1.7 Throwing
 - Level 2.6 Dodging
 - Level 0.5 Conjurations
 - Level 0.9 Alchemy
 - Level 1.1 Evocations


You had 4 spell levels left.
You didn't know any spells.
Your spell library contained the following spells:

 Spells                   Type           Power      Damage    Failure   Level
 Sting                    Conj/Alch      4%         1d3       36%         1
 Apportation              Tloc           0%         N/A       47%         1
 Necrotise                Necr           0%         1d4       47%         1
 Sandblast                Erth           0%         2d4       47%         1
 Summon Small Mammal      Summ           0%         N/A       47%         1
 Stone Arrow              Conj/Erth      0%         3d7       82%         3
 Inner Flame              Hex/Fire       0%         N/A       85%         3
 Passwall                 Erth           0%         N/A       85%         3
 Animate Armour           Summ/Erth      0%         N/A       99%         4
 Brom's Barrelling Bould  Conj/Erth      0%         2d3       99%         4
 Irradiate                Conj/Alch      0%         3d11      100%        5
 Ignition                 Fire           0%         3d3       100%        8
 Lehudib's Crystal Spear  Conj/Erth      0%         10d2      100%        8


Dungeon Overview and Level Annotations

Branches:
Dungeon (5/15)              Sewer (1/1)
 Temple: D:4-7

Altars:
Gozag


Innate Abilities, Weirdness & Mutations

You can wield a second weapon in your off-hand.
It takes a long time for you to wield or remove held weapons.
Your first few attacks do less damage.
Your grasper-arms cannot wear rings.


Message History

You enter a sewer!
The kobold shouts!
Found a gate leading back out of this place.
There is an empty arch of ancient stone here.
You enter the shallow water.
Moving in this stuff is going to be slow.
The kobold brigand shouts!
The kobold brigand throws a curare-tipped dart.
The curare-tipped dart hits you.
You are poisoned.
You have difficulty breathing.
You feel yourself slow down.
Found 3 scrolls labelled PYANAL HO TUT.
You feel very sick.
The kobold brigand throws a curare-tipped dart.
The curare-tipped dart closely misses you.
The kobold brigand throws a curare-tipped dart.
The curare-tipped dart barely misses you.
You feel very sick.
The kobold brigand hits you with a +0 dagger.
There is a broken door here.
You are too injured to fight recklessly!
You are too injured to fight recklessly!
You are too injured to fight recklessly!
You are too injured to fight recklessly!
You are too injured to fight recklessly!
You are too injured to fight recklessly!
You closely miss the kobold brigand.
You feel sick.
The kobold brigand hits you with a +0 dagger.
The kobold throws a stone.
The stone hits you. The kobold brigand barely misses you.
You barely miss the kobold brigand.
You feel sick.
The kobold throws a stone.
The stone hits you but does no damage.
The kobold brigand hits you with a +0 dagger!
* * * LOW HITPOINT WARNING * * *
The kobold brigand hits you but does no damage.
You miss the kobold brigand.
You feel sick.
You are no longer poisoned.
The kobold brigand closely misses you.
The kobold brigand hits you with a +0 dagger.
You die...

######
+.~≈~.'
#.~≈~.#
#.~≈~.#
+.~≈~.+
#.~≈~.#
#.~≈~.####
+.~≈~.@K?#
#.~≈~.####
####.~≈~.#
#∩....∩..+
####.~≈~K#
#.~≈~.#
+.~≈~.+
#.~≈~.#
#.~≈~.#


You could see a kobold brigand and a kobold.

Vanquished Creatures
  An iguana (D:4)
  5 adders
  3 dart slugs
  4 orcs (D:4)
  8 endoplasms
  5 giant cockroaches
  A goblin (D:1)
  5 hobgoblins
  4 jackals (D:3)
  6 kobolds
  6 quokkas
  8 ball pythons
  3 bats
  A frilled lizard (D:1)
  6 rats
66 creatures vanquished.

Notes
Turn   | Place    | Note
-------+----------+-------------------------------------------
     0 | D:1      | Remcycle the Coglin Gladiator began the quest for the Orb.
     0 | D:1      | Reached XP level 1. HP: 16/16 MP: 1/1
    88 | D:1      | Reached XP level 2. HP: 22/22 MP: 2/2
   122 | D:1      | Found a faded altar of an unknown god.
   257 | D:1      | Reached skill level 4 in Axes
   317 | D:1      | Reached XP level 3. HP: 27/27 MP: 3/3
   515 | D:1      | Learned a level 1 spell: Sting
   901 | D:2      | Reached XP level 4. HP: 30/33 MP: 0/4
  1168 | D:3      | Identified the +1 helmet of Lethargy {rF- rN+ Int+4 Slay+2}
  1260 | D:3      | Found an opulent altar of Gozag.
  1294 | D:3      | You fall into a shaft and drop 2 floors!
  1294 | D:5      | Entered Level 5 of the Dungeon
  1312 | D:5      | Reached skill level 1 in Evocations
  1406 | D:5      | Noticed a phantom
  1533 | D:4      | Reached skill level 5 in Axes
  1533 | D:4      | Reached XP level 5. HP: 26/38 MP: 5/5
  1909 | D:4      | Found a glowing drain.
  1921 | Sewer    | Entered a sewer
  1921 | Sewer    | Noticed a kobold brigand
  1927 | Sewer    | Slain by a kobold brigand

Illustrated notes

Levels and vault maps discovered:
D:1:      mainiacjoe_arrival_oval_in_oval, layout_rooms,
          shapermc_ecumenical_altar_gd, minmay_small_reverse_x
D:2:      layout_rooms, serial_curves, eino_curves_03, eino_curves_02,
          eino_curves_03
D:3:      layout_basic, nicolae_gozag_seed_capital, st_stairs_6
D:4:      layout_loops_ring, serial_aquarium, aquarium_bridge_long_separate
          [aquarium_subvault_window, aquarium_subvault_bridge,
          aquarium_subvault_wall, aquarium_subvault_bridge,
          aquarium_subvault_wall, aquarium_subvault_bridge],
          aquarium_bridge_square [aquarium_subvault_bridge,
          aquarium_subvault_bridge, aquarium_subvault_wall,
          aquarium_subvault_bridge], aquarium_window_2, aquarium_window_fake,
          aquarium_view_2b, aquarium_view_2f, aquarium_balcony_5a,
          aquarium_pool_double, portal_sewer_entry_d
D:5:      layout_basic, grunt_dithmenos_smoke, lemuel_crystal_altar,
          serial_shops, nicolae_take_the_stairs, uniq_pikel
Sewer:    kennysheep_door_sewer

Skill      XL: |  1  2  3  4 |
---------------+-------------+-----
Axes           | 4 5 |  5.5
Evocations     | 1 |  1.1
Fighting       | |  2.0
Throwing       | |  1.7
Dodging        | |  2.6
Conjurations   | |  0.5
Alchemy        | |  0.9

Action                     |  1- 3 |  4- 6 || total
---------------------------+-------+-------++-------
  Melee: War axe           |    73 |    74 ||   147
   Cast: Sting             |     4 |       ||     4
    Use: Scroll            |       |    10 ||    10
 Armour: Leather armour    |    43 |    59 ||   102
  Dodge: Dodged            |    44 |    74 ||   118

Table legend: (Time is in decaauts)
 A = Elapsed time spent in this place.
 B = Non-inter-level travel time spent in this place.
 C = Inter-level travel time spent in this place.
 D = Time resting spent in this place.
 E = Time spent auto-exploring this place.
 F = Levels seen in this place.
 G = Mean time per level.
                   A        B        C        D        E       F      G
               +--------+--------+--------+--------+--------+-----+--------+
         Total |   1973 |   1850 |    123 |      0 |   1257 |   6 |  328.8 |
       Dungeon |   1964 |   1841 |    123 |      0 |   1257 |   5 |  392.8 |
         Sewer |      9 |      9 |      0 |      0 |      0 |   1 |    9.0 |
               +--------+--------+--------+--------+--------+-----+--------+

Top non-repeatable levels by time:
     D:2: 599 daAuts
     D:1: 549 daAuts
     D:4: 521 daAuts
     D:3: 174 daAuts
     D:5: 118 daAuts
   Sewer: 9 daAuts
